 Dungeon Crawl Stone Soup version 0.28-b1-25-g9875b3fc8c (webtiles) character file.

Game seed: 4080576812279725972

195 sanka the Ducker (level 5, -1/32 HPs)
             Began as a Tengu Enchanter on Feb 5, 2022.
             Succumbed to a gnoll's poison
             ... on level 3 of the Dungeon.
             The game lasted 00:04:38 (2841 turns).

sanka the Ducker (Tengu Enchanter)                  Turns: 2841, Time: 00:04:39

Health: -1/32      AC:  2    Str:  8    XL:     5   Next: 74%
Magic:  9/9        EV: 16    Int: 18    God:
Gold:   82         SH:  0    Dex: 14    Spells: 8/8 levels left

rFire   . . .      SeeInvis .   a - +0 dagger (venom)
rCold   . . .      Faith    .   (no shield)
rNeg    . . .      Spirit   .   k - +0 robe
rPois   .          Reflect  .   (helmet restricted)
rElec   .          Harm     .   (no cloak)
rCorr   .          Rampage  .   (no gloves)
Will    .....                   (boots unavailable)
Stlth   ++........              (no amulet)
HPRegen 0.10/turn               (no ring)
MPRegen 0.11/turn               (no ring)

@: lethally poisoned (-1 -> -8), flying quickly and evasively, quick
A: beak, talons 3, nimble flight
a: no special abilities


You were on level 3 of the Dungeon.
You visited 1 branch of the dungeon, and saw 6 of its levels.

You collected 82 gold pieces.

Inventory:

Hand Weapons
 a - a +0 dagger of venom (weapon)
 b - a +0 flail
 i - a +1 dagger
Missiles
 h - 3 poisoned darts (quivered)
Armour
 k - a +0 robe (worn)
Jewellery
 j - a ring of ice
Wands
 m - a wand of acid (10)
Scrolls
 e - 6 scrolls of identify {unknown}
 f - a scroll of noise {unknown}
 g - a scroll of fear {unknown}
 l - a scroll of enchant armour {unknown}
Potions
 c - a potion of invisibility


   Skills:
 + Level 3.6 Fighting
 - Level 1.1 Short Blades
 + Level 4.7 Dodging
 - Level 3.0 Stealth
 - Level 2.0 Spellcasting
 - Level 2.1 Hexes


You had 8 spell levels left.
You didn't know any spells.
Your spell library contained the following spells:

 Spells                   Type           Power      Damage    Failure   Level
 Ensorcelled Hibernation  Hex/Ice        10%        N/A       17%         2
 Confusing Touch          Hex            9%         N/A       22%         3
 Tukima's Dance           Hex            9%         N/A       22%         3
 Dazzling Flash           Conj/Hex       10%        N/A       34%         3
 Inner Flame              Hex/Fire       5%         N/A       34%         3
 Cause Fear               Hex            4%         N/A       58%         4
 Discord                  Hex            4%         N/A       100%        8


Dungeon Overview and Level Annotations

Branches:
Dungeon (6/15)
 Temple: D:4-7

Altars:

Shops:
D:1 *   D:2 *


Innate Abilities, Weirdness & Mutations

You have a beak for a mouth.
You have claws for feet.
Your magical nature lets you fly swiftly and evasively.


Message History

Your peck misses the kobold.
The kobold is moderately wounded.
A jackal comes into view.
The kobold hits you with a +0 short sword.
The jackal moves out of view.
You kill the kobold!
You barely miss the gnoll. The gnoll misses you.
You closely miss the gnoll. You claw the gnoll, but do no damage.
You peck the gnoll, but do no damage.
You hear the brisk rusting of a distant drain.
The gnoll hits you with a +2 whip of venom!
You are poisoned.
You hit the gnoll but do no damage.
The gnoll is poisoned.
Your kick misses the gnoll.
You feel sick. The gnoll barely misses you.
The jackal barks!
You hit the gnoll but do no damage.
The gnoll looks as sick as possible!
Your kick misses the gnoll.
You feel sick.
The gnoll hits you with a +2 whip of venom.
* * * LOW HITPOINT WARNING * * *
You are lethally poisoned!
* * * LOW HITPOINT WARNING * * *
You feel very sick.
* * * LOW HITPOINT WARNING * * *
You feel sick.
* * * LOW HITPOINT WARNING * * *
You feel sick.
There is a stone staircase leading down here.
Okay, then.
There are no items here.
There are no items here.
Throw: throwing net
Press: ? - help, Q - select action, (/) - cycle Shift-Dir - straight line, f - gnoll
Aim: a gnoll, wielding a +2 whip of venom (almost dead, very poisoned, 63% to hit)
You throw a throwing net.
The throwing net barely misses the gnoll.
* * * LOW HITPOINT WARNING * * *
You feel sick.
You kill the gnoll!
Unknown command.
You die...

#.# #.# #)#
#h# #h#
#.########
#g.......#
#########
#..#####.
#....@)g###..#
#.#####.h.hh.#
#.####.# #.#
#.# #.# #..
..# #### ###


You could see a gnoll and 3 jackals.

Vanquished Creatures
  An ogre (D:5)
  A hound skeleton (D:4)
  2 gnolls (D:3)
  2 adders
  A worm (D:2)
  3 dart slugs
  3 orcs (D:3)
  8 ball pythons
  2 bats
  3 endoplasms
  A giant cockroach (D:1)
  A goblin (D:2)
  6 hobgoblins
  2 jackals (D:2)
  A quokka (D:2)
  4 frilled lizards
  8 kobolds
  4 rats
53 creatures vanquished.

Vanquished Creatures (others)
  A fungus (D:2)
  8 plants (D:2)
9 creatures vanquished.

Grand Total: 62 creatures vanquished

Notes
Turn   | Place    | Note
-------+----------+-------------------------------------------
     0 | D:1      | sanka the Tengu Enchanter began the quest for the Orb.
     0 | D:1      | Reached XP level 1. HP: 10/10 MP: 4/4
   292 | D:1      | Reached skill level 1 in Fighting
   292 | D:1      | Reached XP level 2. HP: 16/16 MP: 6/6
   585 | D:1      | Found Narooczu's General Store.
   910 | D:1      | Reached skill level 3 in Dodging
  1012 | D:2      | Reached XP level 3. HP: 19/21 MP: 7/7
  1566 | D:2      | Found Vilureh's General Store.
  1753 | D:2      | Found a faded altar of an unknown god.
  2365 | D:2      | Reached XP level 4. HP: 19/27 MP: 8/8
  2569 | D:3      | You fall into a shaft and drop 3 floors!
  2576 | D:5      | Entered Level 5 of the Dungeon
  2617 | D:5      | Noticed an ogre
  2642 | D:5      | Killed an ogre
  2643 | D:5      | Reached skill level 4 in Dodging
  2643 | D:5      | Gained mutation: Your magical nature lets you fly swiftly
                  | and evasively. [Tengu growth]
  2643 | D:5      | Reached XP level 5. HP: 32/32 MP: 9/9
  2679 | D:5      | Noticed a necrophage
  2840 | D:3      | HP: 1/32 [poisoned by a gnoll]
  2841 | D:3      | Succumbed to a gnoll's poison

Illustrated notes

Levels and vault maps discovered:
D:1:      pf_arrival_petrified_forest, layout_loops_ring, serial_shops,
          nicolae_square_shop
D:2:      layout_basic, shapermc_ecumenical_altar_mp_ritualfount, serial_shops,
          nicolae_shop_hallway_plus
D:3:      layout_loops_ring, general_overflow_altar, makhleb_altar_promises_db,
          portal_sewer_entry_e, minmay_tree_intersection
D:4:      layout_loops_corners, nicolae_ru_the_path_less_chosen,
          gammafunk_ghost_grave, kennysheep_boxes, uniq_blork_the_orc
D:5:      layout_basic
D:6:      layout_basic, nicolae_overflow_crystal_walls,
          minmay_temple_entry_waves, feat_on_display

Skill      XL: |  1  2  3  4 |
---------------+-------------+-----
Fighting       | 1 2 3 |  3.6
Dodging        | 3 4 |  4.7
Short Blades   | |  1.1
Stealth        | |  3.0
Spellcasting   | |  2.0
Hexes          | |  2.1

Action                   |  1- 3 |  4- 6 || total
-------------------------+-------+-------++-------
Melee: Dagger            |   127 |    31 ||   158
       Kick              |    24 |    10 ||    34
       Peck              |     8 |     7 ||    15
       Flail             |       |     4 ||     4
Throw: Throwing net      |       |     1 ||     1
 Stab: Sleeping          |     5 |     1 ||     6
       Distracted        |     1 |       ||     1
Armor: Robe              |    17 |     1 ||    18
Dodge: Dodged            |    89 |    27 ||   116
